 Dungeon Crawl Stone Soup version 0.25.0-46-gbd7b085 (webtiles) character file.

Game seed: 14306930922279858893

1801 Gadfly the Conjurer (level 8, -10/63 HPs)
             Began as a Yellow Draconian Conjurer on July 13, 2020.
             Shot with a sling bullet by Joseph (13 damage)
             ... on level 8 of the Dungeon.
             The game lasted 00:11:34 (6123 turns).

Gadfly the Conjurer (Yellow Draconian Conjurer)     Turns: 6123, Time: 00:11:35

Health: -10/63     AC:  8    Str: 10    XL:     8   Next: 83%
Magic:  0/17       EV: 14    Int: 18    God:
Gold:   357        SH:  0    Dex: 12    Spells: 16/19 levels left

rFire    . . .     SeeInvis .   a - +3 mace
rCold    . . .     Gourm    .   (no shield)
rNeg     . . .     Faith    .   (armour unavailable)
rPois    .         Spirit   .   (helmet restricted)
rElec    .         Reflect  .   (no cloak)
rCorr    +         Harm     .   s - +0 pair of gloves
MR       .....                  y - +0 pair of boots
Stlth    ++........             c - amulet of regeneration
HPRegen  0.60/turn              (no ring)
MPRegen  0.15/turn              (no ring)

@: short of breath
A: spit acid, unfitting armour, cold-blooded, acid resistance, AC +6
a: Breathe Acid


You were on level 8 of the Dungeon.
You were not hungry.

You visited 1 branch of the dungeon, and saw 7 of its levels.

You collected 357 gold pieces.

Inventory:

Hand Weapons
 a - a +3 mace (weapon)
 b - a +1 halberd
Armour
 s - a +0 pair of gloves (worn)
 y - a +0 pair of boots (worn)
Magical Staves
 p - an uncursed staff of conjuration {unknown}
 v - an uncursed staff of death
Jewellery
 c - an amulet of regeneration (around neck)
Wands
 k - a wand of acid (9)
Scrolls
 e - a scroll of fog
 g - 5 scrolls of teleportation
 i - 3 scrolls of amnesia
 l - 2 scrolls of identify
 m - a scroll of immolation
 r - a scroll of blinking
 x - a scroll of enchant armour
Potions
 d - 5 potions of haste
 f - a potion of might
 h - a potion of ambrosia
 j - 2 potions of curing
 n - 2 potions of lignification
 t - 3 potions of heal wounds {unknown}
 u - a potion of resistance
 w - a potion of brilliance
Comestibles
 o - 7 rations
 q - 4 chunks of flesh


   Skills:
 + Level 3.2 Fighting
 * Level 5.2 Dodging
 - Level 1.7 Stealth
 * Level 6.0 Spellcasting
 * Level 7.4 Conjurations
 + Level 3.0 Evocations


You had 16 spell levels left.
You knew the following spells:

 Your Spells              Type           Power        Failure   Level  Hunger
a - Magic Dart            Conj           ####         1%          1    None
b - Searing Ray           Conj           ####..       1%          2    None

Your spell library contained the following spells:

 Spells                   Type           Power        Failure   Level  Hunger
 Dazzling Flash           Conj/Hex       ###...       8%          3    ##.....
 Fulminant Prism          Conj/Hex       ###.......   26%         4    ####...
 Iskenderun's Mystic Bla  Conj/Tloc      ###.....     26%         4    ####...


Dungeon Overview and Level Annotations

Branches:
Dungeon (6/15)
 Temple: D:4-7

Altars:
Cheibriados
Qazlal
Wu Jian
Xom

Annotations:
D:8 Joseph


Innate Abilities, Weirdness & Mutations

You can spit globs of acid.
Your golden yellow scales are hard. (AC +6)
You cannot fit into any form of body armour.
You are cold-blooded and may be slowed by cold attacks.
You are resistant to acid. (rCorr)


Message History

Aim: Joseph, wielding a +0 hunting sling, wearing a +3 leather armour of fire resistance and quivering 18 sling bullets (almost dead)
The searing ray hits Joseph.
Joseph is almost dead. (Press . to maintain the ray.) Joseph smiles happily.
Joseph shoots a sling bullet.
The sling bullet hits you!
* * * LOW HITPOINT WARNING * * *
The searing ray hits Joseph.
Joseph is almost dead.
The searing ray hits the crimson imp!
The crimson imp is severely wounded.
Joseph shoots a sling bullet.
The sling bullet hits you!
* * * LOW HITPOINT WARNING * * *
The searing ray hits Joseph!
Joseph is almost dead.
The searing ray hits the crimson imp.
The crimson imp is almost dead.
The crimson imp blinks!
Joseph shoots a sling bullet.
The sling bullet hits you!
You die...

#.# #% #.# #
#. #.# #. #.
#.# #.##. #.#
.... #.# #..
#.# #..#####.#
#..ยง@.@.(#
#......#######
##.....
>......
.......
#######


You could see Joseph.

Vanquished Creatures
  A hippogriff (D:8)
  A black bear (D:6)
  A sky beast (D:8)
  An orc warrior (D:6)
  2 ogres
  3 phantoms
  A centaur (D:6)
  A bullfrog (D:8)
  2 scorpions
  A howler monkey (D:6)
  A crimson imp (D:6)
  An orc priest (D:8)
  A hound (D:4)
  A bullfrog skeleton (D:4)
  A centaur skeleton (D:4)
  An iguana (D:4)
  6 orc wizards
  4 worker ants
  A killer bee zombie (D:8)
  A worker ant zombie (D:6)
  3 gnolls (D:3)
  4 adders
  A shadow imp (D:5)
  3 dart slugs
  6 leopard geckos
  22 orcs
  7 bats
  3 giant cockroaches
  9 hobgoblins
  13 jackals
  A quokka (D:3)
  3 frilled lizards
  7 goblins
  8 kobolds
  A leopard gecko skeleton (D:6)
  A quokka skeleton (D:8)
  3 rats
127 creatures vanquished.

Notes
Turn   | Place    | Note
-------+----------+-------------------------------------------
     0 | D:1      | Gadfly the Draconian Conjurer began the quest for the Orb.
     0 | D:1      | Reached XP level 1. HP: 14/14 MP: 3/3
   369 | D:1      | Reached XP level 2. HP: 12/20 MP: 0/5
   373 | D:1      | Learned a level 2 spell: Searing Ray
   997 | D:1      | Reached XP level 3. HP: 26/26 MP: 6/6
  1403 | D:2      | Reached XP level 4. HP: 33/33 MP: 8/8
  1722 | D:2      | Found an ornate altar of the Wu Jian Council.
  2405 | D:3      | Reached skill level 5 in Conjurations
  2630 | D:3      | Reached XP level 5. HP: 31/38 MP: 10/10
  3202 | D:4      | Noticed a phantom
  3227 | D:4      | Killed a phantom
  3227 | D:4      | Reached XP level 6. HP: 42/45 MP: 1/12
  4187 | D:5      | Entered Level 5 of the Dungeon
  4232 | D:5      | Reached skill level 1 in Fighting
  4232 | D:5      | Reached skill level 6 in Conjurations
  4232 | D:5      | Reached skill level 1 in Evocations
  4232 | D:5      | Your scales start taking on a golden yellow colour.
  4232 | D:5      | Reached XP level 7. HP: 52/52 MP: 9/13
  4232 | D:5      | Gained mutation: You are resistant to acid. (rCorr) [Yellow
                  | Draconian growth]
  4298 | D:5      | Found a snail-covered altar of Cheibriados.
  4536 | D:5      | Found a stormy altar of Qazlal.
  5002 | D:6      | Reached skill level 5 in Spellcasting
  5018 | D:6      | Reached XP level 8. HP: 42/61 MP: 5/15
  5157 | D:6      | Found an ornate altar of the Wu Jian Council.
  5644 | D:6      | Found a shimmering altar of Xom.
  5699 | D:6      | Reached skill level 7 in Conjurations
  5828 | D:6      | You fall into a shaft and drop 2 floors!
  5831 | D:8      | Noticed a hippogriff
  5846 | D:8      | Killed a hippogriff
  5903 | D:8      | Reached skill level 5 in Dodging
  6099 | D:8      | Noticed Joseph
  6122 | D:8      | HP: 3/63 [Joseph/sling bullet (15)]
  6123 | D:8      | Shot with a sling bullet by Joseph

Illustrated notes

Levels and vault maps discovered:
D:1:      minmay_arrival_diagonal_passages, layout_rooms, minmay_box_of_dots
D:2:      layout_basic, overflow_temple_1_default, first_ration, minmay_puff
D:3:      layout_rooms
D:4:      layout_cave_pods, nrook_campfire, minmay_misc_feat_chi,
          kennysheep_generic_room_3
D:5:      layout_basic, lemuel_crystal_altar, lemuel_round_altar
D:6:      layout_loops_corners, lemuel_crystal_altar, basic_altar,
          minmay_chambers_of_fives
D:8:      layout_loops_ring, nicolae_tso_swordbearing_angel,
          nicolae_ossuary_entry_monument, gammafunk_ghost_icy,
          serial_bayou_pond_d, blue_anna_alchemist [blue_anna_fruit_fields,
          blue_anna_fruit_fields], uniq_joseph

Skill      XL: |  1  2  3  4  5  6  7  8 |
---------------+-------------------------+-----
Dodging        | 2 3 4 5 |  5.2
Spellcasting   | 3 4 5 6 |  6.0
Conjurations   | 5 6 7 |  7.4
Fighting       | 1 2 3 |  3.2
Evocations     | 1 2 3 |  3.0
Stealth        | |  1.7

Action                   |  1- 3 |  4- 6 |  7- 9 || total
-------------------------+-------+-------+-------++-------
Melee: Unarmed           |    53 |       |       ||    53
       Tailslap          |     3 |     8 |     4 ||    15
       Short sword       |    17 |       |       ||    17
       Hand axe          |     1 |    49 |       ||    50
       Halberd           |       |   106 |    32 ||   138
       Mace              |       |       |    63 ||    63
 Cast: Magic Dart        |    33 |    16 |    13 ||    62
       Searing Ray       |     4 |    18 |    24 ||    46
 Abil: Breathe Acid      |       |       |     1 ||     1
  Use: Scroll            |     5 |    10 |     5 ||    20
 Stab: Sleeping          |     1 |     1 |     1 ||     3
  Eat: Chunk             |     2 |    10 |     6 ||    18
Armor: Skin              |    36 |    60 |    68 ||   164
Dodge: Dodged            |    55 |   169 |   146 ||   370
